 Dungeon Crawl Stone Soup version 0.20-a0-700-gbd4582c (webtiles) character file.

16032 Gorglomux the Transmogrifier (level 12, -6/95 HPs)
             Began as a Merfolk Transmuter on Feb 21, 2017.
             Was a Priest of Ieoh Jian.
             Killed from afar by an orc wizard (9 damage)
             ... with a magic dart
             ... on level 11 of the Dungeon.
             The game lasted 01:03:39 (15811 turns).

Gorglomux the Transmogrifier (Merfolk Transmuter)  Turns: 15811, Time: 01:03:40

Health: -6/95      AC: 11    Str: 10    XL:     12   Next: 33%
Magic:  22/24      EV: 18    Int: 15    God:    Ieoh Jian [***...]
Gold:   597        SH:  0    Dex: 17    Spells: 17/28 levels left

rFire    . . .     SeeInvis .     - Unarmed
rCold    + . .     Gourm    .   m - +0 troll leather armour
rNeg     . . .     Faith    .   (no shield)
rPois    .         Spirit   .   D - +0 helmet
rElec    .         Reflect  .   K - +1 cloak
rCorr    .         Harm     .   (no gloves)
MR       .....                  (no boots)
Stlth    +.........             (no amulet)
Regen    0.7/turn               L - +3 ring of protection
MPRegen  0.2/turn               c - ring of protection from cold

@: very slightly contaminated, serpent's lash
A: change form in water, swift swim, stealthy swim
a: Renounce Religion


You were on level 11 of the Dungeon.
You worshipped Ieoh Jian.
Ieoh Jian was most pleased with you.
You were not hungry.

You visited 1 branch of the dungeon, and saw 11 of its levels.
You also visited: Ossuary and Ice Cave.

You collected 687 gold pieces.
You spent 90 gold pieces at shops.

Inventory:

Hand Weapons
 b - a +0 blowgun
Missiles
 a - 89 arrows
 e - 76 poisoned needles
 o - 12 javelins (quivered)
 C - 7 curare-tipped needles
Armour
 m - a +0 troll leather armour (worn)
 D - a +0 helmet (worn)
 K - a +1 cloak (worn)
Jewellery
 c - a ring of protection from cold (left hand)
 g - an uncursed ring of resist corrosion
 z - a +3 ring of strength
 L - a +3 ring of protection (right hand)
Wands
 P - a wand of paralysis (16/24)
 S - a wand of scattershot (3/9)
Scrolls
 h - a scroll of enchant armour
 l - 2 scrolls of fog
 x - 5 scrolls of amnesia
 y - 9 scrolls of remove curse
 B - 3 scrolls of blinking
 G - 3 scrolls of immolation
 H - 2 scrolls of fear
 M - 3 scrolls of magic mapping
 T - 4 scrolls of teleportation
 U - a scroll of enchant weapon {unknown}
 W - 2 scrolls of recharging
 Y - a scroll of random uselessness {unknown}
Potions
 i - 3 potions of heal wounds
 j - 2 potions of might
 k - 2 potions of mutation
 p - a potion of berserk rage
 s - 6 potions of curing
 t - 5 potions of agility
 u - 4 potions of lignification
 v - a potion of haste
 w - 3 potions of brilliance
 A - a potion of invisibility {unknown}
 N - a potion of ambrosia {unknown}
 O - 2 potions of cancellation
 Q - 4 potions of magic
Books
 r - a book of Changes

   Spells                             Type                      Level
   a - Beastly Appendage              Transmutation                1
   b - Sticks to Snakes               Transmutation                2
   c - Spider Form                    Transmutation/Poison         3
   d - Ice Form                       Ice/Transmutation            4
   e - Blade Hands                    Transmutation                5
 F - the Catalogue of Creative Flight
   (You found it on level 8 of the Dungeon)

   Spells                             Type                      Level
   a - Swiftness                      Charms/Air                   2
   b - Static Discharge               Conjuration/Air              3
   c - Summon Lightning Spire         Summoning/Air                4
   d - Summon Hydra                   Summoning                    7
Comestibles
 d - 3 bread rations
 n - 9 chunks of flesh
 V - 2 meat rations
 X - 5 fruits


   Skills:
 + Level 9.1 Fighting
 - Level 2.0 Throwing
 - Level 4.0 Armour
 - Level 10.0 Dodging
 - Level 8.0 Unarmed Combat
 - Level 8.5 Spellcasting
 - Level 13.4 Transmutations
 - Level 2.0 Poison Magic


You had 17 spell levels left.
You knew the following spells:

 Your Spells              Type           Power        Failure   Level  Hunger
a - Beastly Appendage     Tmut           #####.       1%          1    None
b - Sticks to Snakes      Tmut           #####...     1%          2    None
c - Spider Form           Tmut/Pois      ####......   1%          3    ##.....
d - Blade Hands           Tmut           #####.....   1%          5    #####..


Dungeon Overview and Level Annotations

Branches:
Dungeon (11/15)            Temple (0/1) D:7            Lair (0/6) D:11
    Orc (0/2) D:11

Altars:
Dithmenos
Elyvilon
Gozag Ieoh Jian
Nemelex Xobeh
Ru
Uskayaw
Vehumet
Zin
The Shining One

Shops:
D:4 [?[   D:6 [   D:11 [


Message History

The eight-headed hydra bites you.
* * * LOW HITPOINT WARNING * * *
The eight-headed hydra bites you!
* * * LOW HITPOINT WARNING * * *
The eight-headed hydra bites you but does no damage. x2
The centaur hits you.
* * * LOW HITPOINT WARNING * * *
You turn to flesh and can move again.
Your muscles tense, ready for explosive movement...
You can no longer move short distances at supernatural speeds.
Zoom!
Okay, then.
Blink to where?
Press: ? - help, Dir - move target cursor You are very lightly contaminated with residual magic.
As you read the scroll of blinking, it crumbles to dust.
The orc wizard shouts!
The orc wizard casts a spell at you. The magic dart hits you!
You die...

8.#../!...# ..
..#.....>.#
.....##
.###.###### ..o..
#.# ###. .... #.#
#... ... #.# ...
.###..
#.###.####.##..
.###.#........##.#
.......#......##@#
.##...)..........#
..............##.#
..≈§.§........##.#
§≈.≈≈§§Dc##..# ..#
§≈≈..§§≈§#..## .##
.≈≈.§§§≈.§.(# .
..≈≈..§§...(.$##
..≈≈≈≈≈≈l(S...#


You could see an orc wizard.

Vanquished Creatures
  Harold (D:11)
  2 two-headed ogres (D:11)
  An unseen horror (D:11)
  An ugly thing (D:9)
  A necromancer (IceCv)
  3 ice statues (IceCv)
  Psyche (D:11)
  2 rime drakes (D:11)
  8 ice devils (IceCv)
  3 trolls
  Grinder (D:3)
  8 yaks
  A water moccasin (D:11)
  2 hell hounds (D:11)
  2 sky beasts
  2 orc warriors
  A necrophage (D:10)
  A black bear (D:6)
  2 phantoms
  3 ogres
  5 centaurs
  5 big kobolds
  Blork the orc (D:5)
  A gnoll sergeant (D:10)
  3 bullfrogs
  5 scorpions (Ossuary)
  2 wyvern skeletons
  A water moccasin skeleton (D:6)
  2 wights (D:11)
  6 killer bees (D:9)
  A howler monkey (D:8)
  4 crimson imps
  5 centaur zombies (Ossuary)
  5 jellies
  2 quasits
  2 draconian simulacra (IceCv)
  A human zombie (Ossuary)
  Crazy Yiuf (D:2)
  5 orc priests
  3 hounds
  12 orc wizards
  2 bullfrog skeletons
  3 centaur skeletons
  Ijyb (D:3)
  Terence (D:2)
  5 iguanas
  9 worker ants
  2 troll simulacra (IceCv)
  2 big kobold zombies (Ossuary)
  3 centaur simulacra (IceCv)
  A hound zombie (D:11)
  3 mummies (Ossuary)
  A howler monkey skeleton (D:10)
  11 adders
  11 gnolls
  6 scorpion zombies (Ossuary)
  2 naga simulacra (IceCv)
  An ogre simulacrum (IceCv)
  2 shadow imps
  An ooze (D:1)
  3 adder skeletons
  2 worms
  2 dart slugs
  10 leopard geckos
  41 orcs
  10 bats
  5 giant cockroaches
  10 goblins
  5 hobgoblins (D:2)
  5 jackals
  24 kobolds
  6 quokkas
  2 ball pythons
  3 frilled lizards
  2 goblin skeletons (D:8)
  3 goblin zombies
  5 hobgoblin zombies
  A jackal skeleton (D:4)
  A jackal zombie (D:5)
  2 kobold skeletons (D:8)
  4 kobold zombies
  A leopard gecko skeleton (D:4)
  A leopard gecko zombie (D:6)
  An orc zombie (D:8)
  13 rats
347 creatures vanquished.

Vanquished Creatures (collateral kills)
  A two-headed ogre (D:10)
  An ugly thing (D:11)
  A hornet (D:10)
  A yak (D:11)
  A phantom (D:4)
  An ogre (D:7)
  A scorpion (Ossuary)
  A worker ant (D:11)
  A leopard gecko (D:3)
  2 orcs (D:11)
  A giant cockroach (D:3)
12 creatures vanquished.

Vanquished Creatures (others)
  A kobold zombie (Ossuary)
1 creature vanquished.

Grand Total: 360 creatures vanquished

Notes
Turn   | Place    | Note
-------+----------+-------------------------------------------
     0 | D:1      | Gorglomux the Merfolk Transmuter began the quest for the Orb.
     0 | D:1      | Reached XP level 1. HP: 15/15 MP: 3/3
    38 | D:1      | Reached skill level 3 in Transmutations
   258 | D:1      | Reached XP level 2. HP: 3/21 MP: 3/5
   507 | D:1      | Learned a level 2 spell: Sticks to Snakes
   541 | D:1      | Reached skill level 4 in Transmutations
   910 | D:1      | Reached XP level 3. HP: 22/26 MP: 4/6
  1457 | D:2      | Learned a level 3 spell: Spider Form
  1595 | D:2      | Noticed Terence
  1620 | D:2      | Killed Terence
  1620 | D:2      | Reached skill level 5 in Transmutations
  1620 | D:2      | Reached skill level 1 in Poison Magic
  1664 | D:2      | Reached XP level 4. HP: 26/32 MP: 1/7
  1742 | D:2      | Found a runed door.
  1790 | D:2      | Found a sparkling altar of Nemelex Xobeh.
  2463 | D:2      | Found an ornate altar of the Ieoh Jian Council.
  2526 | D:2      | Became a worshipper of the Ieoh Jian Council
  2648 | D:2      | Noticed Crazy Yiuf
  2720 | D:2      | Killed Crazy Yiuf
  2720 | D:2      | Reached skill level 3 in Dodging
  2720 | D:2      | Reached XP level 5. HP: 4/37 MP: 0/9
  3132 | D:3      | Found a shadowy altar of Dithmenos.
  3467 | D:3      | Reached skill level 3 in Spellcasting
  3627 | D:3      | Noticed Ijyb
  3638 | D:3      | Killed Ijyb
  3654 | D:3      | Noticed Grinder
  3670 | D:3      | Paralysed by Grinder for 5 turns
  3685 | D:3      | Killed Grinder
  3685 | D:3      | Reached XP level 6. HP: 36/46 MP: 2/10
  3798 | D:3      | Found a white marble altar of Elyvilon.
  4289 | D:4      | Noticed a phantom
  4349 | D:4      | Killed a phantom
  4615 | D:4      | Reached skill level 3 in Fighting
  4615 | D:4      | Reached XP level 7. HP: 39/52 MP: 11/11
  4956 | D:4      | Found Lokkoc's Magic Scroll Shoppe.
  4964 | D:4      | Bought a scroll of magic mapping for 35 gold pieces
  4964 | D:4      | Bought a scroll of identify for 20 gold pieces
  4964 | D:4      | Bought a scroll of immolation for 35 gold pieces
  4977 | D:4      | Reached * piety under Ieoh Jian
  5150 | D:4      | Found Jiannus's Armour Emporium.
  5512 | D:4      | Found Jyown's Armour Boutique.
  5866 | D:5      | Entered Level 5 of the Dungeon
  5948 | D:5      | Noticed Blork the orc
  5963 | D:5      | Killed Blork the orc
  5963 | D:5      | Reached skill level 6 in Transmutations
  6524 | D:5      | Reached XP level 8. HP: 56/61 MP: 8/12
  6618 | D:5      | Found an opulent altar of Gozag.
  6823 | D:6      | Reached skill level 1 in Throwing
  6831 | D:6      | Reached skill level 7 in Transmutations
  6890 | D:6      | Reached ** piety under Ieoh Jian
  6906 | D:6      | Found a sacrificial altar of Ru.
  6991 | D:6      | Found a sand-covered staircase.
  7068 | Ossuary  | Entered an ossuary
  7130 | Ossuary  | Reached skill level 6 in Dodging
  7132 | Ossuary  | Reached skill level 8 in Transmutations
  7349 | Ossuary  | Learned a level 5 spell: Blade Hands
  7413 | Ossuary  | HP: 3/62 [arrow trap (8)]
  7849 | Ossuary  | Reached skill level 9 in Transmutations
  7909 | Ossuary  | Reached XP level 9. HP: 53/68 MP: 13/13
  8331 | D:6      | Found a hide-covered altar of Uskayaw.
  8663 | D:6      | Found Liofaash's Armour Shoppe.
  9026 | D:7      | Reached skill level 10 in Transmutations
  9062 | D:7      | Reached *** piety under Ieoh Jian
  9347 | D:7      | Found a staircase to the Ecumenical Temple.
  9415 | D:7      | Reached skill level 9 in Dodging
 10129 | D:8      | Identified the Catalogue of Creative Flight
 10176 | D:8      | Found a glowing golden altar of the Shining One.
 10548 | D:8      | Reached skill level 11 in Transmutations
 10993 | D:9      | Noticed a troll
 11001 | D:9      | Killed a troll
 11048 | D:9      | Found a radiant altar of Vehumet.
 11085 | D:9      | Reached XP level 10. HP: 49/76 MP: 13/15
 11086 | D:9      | Reached skill level 6 in Fighting
 11087 | D:9      | Reached skill level 6 in Unarmed Combat
 11367 | D:9      | Reached **** piety under Ieoh Jian
 11442 | D:9      | Found a white marble altar of Elyvilon.
 11897 | D:9      | Noticed a red ugly thing
 11927 | D:9      | Killed a cyan ugly thing
 12447 | D:10     | Entered Level 10 of the Dungeon
 12746 | D:10     | Found a glowing silver altar of Zin.
 13509 | D:10     | Reached XP level 11. HP: 63/86 MP: 13/19
 13574 | D:11     | Noticed a two-headed ogre
 13574 | D:11     | Reached skill level 6 in Spellcasting
 13741 | D:11     | Noticed a two-headed ogre
 13879 | D:11     | Noticed Psyche
 13883 | D:11     | Found a frozen archway.
 13896 | D:11     | Reached skill level 1 in Armour
 13902 | D:11     | Killed Psyche
 13945 | IceCv    | Entered an ice cave
 14258 | IceCv    | Reached skill level 12 in Transmutations
 14566 | IceCv    | Reached skill level 3 in Armour
 14639 | IceCv    | Noticed a necromancer
 14645 | IceCv    | Killed a necromancer
 14659 | IceCv    | Got a dazzling triple sword
 14776 | D:11     | Noticed Harold
 14797 | D:11     | Killed Harold
 14820 | D:11     | Reached ***** piety under Ieoh Jian
 14849 | D:11     | Found Biunav's Antique Armour Emporium.
 14855 | D:11     | Noticed a cyan ugly thing
 14950 | D:11     | Killed an unseen horror
 15100 | D:11     | Reached XP level 12. HP: 54/92 MP: 18/23
 15100 | D:11     | Killed a two-headed ogre
 15100 | D:11     | Reached skill level 13 in Transmutations
 15120 | D:11     | Noticed an eight-headed hydra
 15143 | D:11     | Noticed a four-headed hydra
 15315 | D:11     | Found a staircase to the Orcish Mines.
 15408 | D:11     | HP: 1/92 [two-headed ogre/dire flail (15)]
 15444 | D:10     | Noticed a two-headed ogre
 15532 | D:10     | Killed a two-headed ogre
 15664 | D:11     | Killed a two-headed ogre
 15664 | D:11     | Reached skill level 9 in Fighting
 15711 | D:11     | Identified the +3 triple sword of Discretion {chaos, +Rage Str+4 Dex-3} (You found it in an ice cave)
 15778 | D:11     | Found a staircase to the Lair.
 15810 | D:11     | HP: 3/95 [eight-headed hydra (5)]
 15811 | D:11     | Killed from afar by an orc wizard

Vault maps used:
D:1:      shiori_arrival_maze, roderic_lattice_a, minmay_tetromino_o2
D:2:      nemelex_xobeh_ov_fountains_minmay, overflow_temple_1_default,
          uniq_terence, uniq_crazy_yiuf_cottage
D:3:      nicolae_dithmenos_through_a_glass_darkly, marbit_many_paths,
          first_bread, minivault_26, uniq_grinder, uniq_iyjb
D:4:      serial_shops, nicolae_shop_temple_entry_statues_fountains,
          shop_statue, kennysheep_little_box
D:5:      kennysheep_mini_moat, uniq_blork_the_orc
D:6:      nicolae_ru_great_annihilating_truth, eat_drink_and_be_merry_uskayaw,
          nicolae_ossuary_entry_ruins, serial_shops, nicolae_shop_trees
D:7:      minmay_temple_entry_glassed_door
D:8:      nicolae_tso_besieged_by_evil
D:9:      fiery_altar_vehumet, elyvilon_altar_3
D:10:     basic_altar
D:11:     minmay_lair_entry_lava, hiddenorc2_lemuel, serial_shops,
          nicolae_shop_temple_entry_statues_fountains, portal_ice_cave_rime,
          uniq_psyche, uniq_harold
Ossuary:  ossuary_minmay_scorpions
IceCv:    ice_cave_tombish

Skill      XL: |  1  2  3  4  5  6  7  8  9 10 11 12 |
---------------+-------------------------------------+-----
Transmutations | 3 4 5 6 9 11 12 13 | 13.4
Poison Magic   | 1 2 |  2.0
Dodging        | 3 4 5 7 10 | 10.0
Spellcasting   | 3 5 7 8 |  8.5
Fighting       | 2 3 4 5 8 9 |  9.1
Unarmed Combat | 4 5 8 |  8.0
Throwing       | 2 |  2.0
Armour         | 4 |  4.0

Action                   |  1- 3 |  4- 6 |  7- 9 | 10-12 || total
-------------------------+-------+-------+-------+-------++-------
Melee: Unarmed           |    95 |   176 |   638 |   617 ||  1526
       Headbutt          |     5 |    12 |    22 |       ||    39
       Punch             |       |     1 |    13 |    24 ||    38
       Eudemon blade     |       |       |       |     4 ||     4
 Fire: Blowgun           |       |       |     5 |     4 ||     9
Throw: Javelin           |     3 |     1 |     3 |     3 ||    10
 Cast: Beastly Appendage |    16 |    16 |    10 |       ||    42
       Spider Form       |     2 |     7 |    22 |     8 ||    39
       Sticks to Snakes  |     1 |    16 |     7 |    30 ||    54
       Blade Hands       |       |       |    11 |    30 ||    41
Invok: Serpent's Lash    |       |       |       |     6 ||     6
       Heaven On Earth   |       |       |       |     1 ||     1
 Abil: End Transformatio |     1 |     1 |     2 |     2 ||     6
Evoke: Wand              |       |       |       |     1 ||     1
  Use: Potion            |       |     1 |     1 |     1 ||     3
       Scroll            |       |    11 |     6 |     7 ||    24
 Stab: Sleeping          |     1 |       |     2 |     1 ||     4
       Paralysed         |       |       |     2 |       ||     2
       Distracted        |       |       |     3 |       ||     3
  Eat: Chunk             |     3 |     9 |    19 |    23 ||    54
       Bread ration      |       |     1 |       |       ||     1
       Royal jelly       |       |       |     1 |     3 ||     4
       Fruit             |       |       |     4 |     1 ||     5
Armor: Robe              |    25 |    13 |    66 |    28 ||   132
       Skin              |     2 |       |     6 |     8 ||    16
       Troll leather arm |       |       |       |    97 ||    97
Dodge: Dodged            |    69 |   114 |   453 |   471 ||  1107
       Rpst.: Eudemon blade |       |       |       |     1 ||     1
